 Dungeon Crawl Stone Soup version 0.24.0-28-g17ded55e90 (webtiles) character file.

Game seed: 5230298416332920881, levelgen mode: deterministic

77 Delamore the Chopper (level 4, -7/39 HPs)
             Began as a Hill Orc Fighter on Nov 13, 2019.
             Killed from afar by Sigmund (10 damage)
             ... with a puff of flame
             ... on level 2 of the Dungeon.
             The game lasted 00:01:17 (697 turns).

Delamore the Chopper (Hill Orc Fighter)              Turns: 697, Time: 00:01:17

Health: -7/39      AC:  6    Str: 19    XL:     4   Next: 34%
Magic:  4/4        EV:  7    Int: 13    God:
Gold:   31         SH:  9    Dex: 10    Spells: 3/3 levels left

rFire    . . .     SeeInvis .   a - +0 war axe
rCold    . . .     Gourm    .   c - +0 shield
rNeg     . . .     Faith    .   b - +0 scale mail
rPois    .         Spirit   .   (no helmet)
rElec    .         Reflect  .   (no cloak)
rCorr    .         Harm     .   (no gloves)
MR       .....                  (no boots)
Stlth    ..........             (no amulet)
HPRegen  0.13/turn              (no ring)
MPRegen  0.09/turn              (no ring)

@: brilliant
A: no striking features
a: no special abilities


You were on level 2 of the Dungeon.
You were not hungry.

You visited 1 branch of the dungeon, and saw 2 of its levels.

You collected 31 gold pieces.

Inventory:

Hand Weapons
 a - a +0 war axe (weapon)
Missiles
 l - a throwing net (quivered)
Armour
 b - a +0 scale mail (worn)
 c - a +0 shield (worn)
Scrolls
 e - 3 scrolls of identify {unknown}
 g - a scroll of noise {unknown}
 h - a scroll of remove curse {unknown}
 j - a scroll of teleportation {unknown}
Potions
 d - a potion of might
 m - a potion of degeneration {unknown}
Comestibles
 f - 2 rations
 k - 5 chunks of flesh


   Skills:
 - Level 3.6 Fighting
 + Level 6.0 Axes
 - Level 3.2 Armour
 - Level 3.2 Shields


You had 3 spell levels left.
You didn't know any spells.
Your spell library contained the following spells:

 Spells                   Type           Power        Failure   Level  Hunger
 Beastly Appendage        Tmut           #.....       36%         1    ##.....
 Sticks to Snakes         Tmut           #.......     47%         2    ###....
 Spider Form              Tmut/Pois      #.........   69%         3    ####...
 Ice Form                 Ice/Tmut       #.......     95%         4    #####..
 Blade Hands              Tmut           #.........   100%        5    ######.


Dungeon Overview and Level Annotations

Branches:
Dungeon (2/15)

Altars:

Annotations:
D:2 Sigmund


Message History

A puff of flame appears from out of thin air!
The puff of flame hits you!
* * * LOW HITPOINT WARNING * * *
You swing at nothing.
You swing at nothing.
Something hits you but does no damage.
You swing at nothing.
You hear a zap.
A puff of flame appears from out of thin air!
The puff of flame hits you.
* * * LOW HITPOINT WARNING * * *
You hear a zap.
A puff of flame appears from out of thin air!
The puff of flame hits you!
* * * LOW HITPOINT WARNING * * *
It was a potion of brilliance.
You feel clever all of a sudden.
You hear a zap.
A puff of flame appears from out of thin air!
The puff of flame hits you!
You die...

#.....#)#.#.#.#(#
##.#####.......##
#######>. ###.#.###
........ ####.......#
...%.... ...##.#.#.##
........##....##...##
..............#..#..#
.......#..###.##...##....
......).@(((...##.##.....
......†######.##...#.....
....... ##..###.##.....
.......####..##.#.#......
.............†..#.#....#
.......#........#÷#....#
......................#
#...............÷.....#
.................#


There were no monsters in sight!

Vanquished Creatures
  Terence (D:2)
  An adder (D:2)
  A worm (D:2)
  2 dart slugs (D:1)
  An orc (D:2)
  2 bats
  6 giant cockroaches
  2 hobgoblins
  3 jackals
  6 kobolds
  A ball python (D:2)
  3 frilled lizards
  6 rats
35 creatures vanquished.

Notes
Turn   | Place    | Note
-------+----------+-------------------------------------------
     0 | D:1      | Delamore the Hill Orc Fighter began the quest for the Orb.
     0 | D:1      | Reached XP level 1. HP: 19/19 MP: 1/1
    30 | D:1      | Reached skill level 3 in Axes
    74 | D:1      | Reached XP level 2. HP: 20/26 MP: 2/2
   145 | D:1      | Reached skill level 4 in Axes
   425 | D:2      | Noticed Terence
   428 | D:2      | Reached XP level 3. HP: 29/31 MP: 3/3
   439 | D:2      | Killed Terence
   439 | D:2      | Reached skill level 5 in Axes
   439 | D:2      | Reached XP level 4. HP: 13/39 MP: 4/4
   684 | D:2      | Noticed Sigmund
   691 | D:2      | Reached skill level 6 in Axes
   697 | D:2      | Killed from afar by Sigmund

Levels and vault maps discovered:
D:1:      minmay_arrival_open_corners, layout_rooms, palyth_stone_intersect,
          corexii_corridor_pit
D:2:      minmay_spotlight, layout_rooms, overflow_temple_1_default,
          first_ration, uniq_sigmund, uniq_terence, uniq_crazy_yiuf_cottage

Skill      XL: |  1  2  3  4 |
---------------+-------------+-----
Axes           | 3 4 5 6 |  6.0
Fighting       | |  3.6
Armour         | |  3.2
Shields        | |  3.2

Action                   |  1- 3 |  4- 6 || total
-------------------------+-------+-------++-------
Melee: War axe           |    53 |    51 ||   104
  Use: Potion            |       |     1 ||     1
Armor: Scale mail        |    19 |    25 ||    44
Dodge: Dodged            |    11 |    21 ||    32
Block: Shield            |    26 |    22 ||    48
